 Dungeon Crawl Stone Soup version 0.21.0-3-g78d12a8 (webtiles) character file.

98 piemaster the Chopper (level 4, -2/41 HPs)
             Began as a Hill Orc Monk on Jan 8, 2018.
             Slain by a gnoll
             ... wielding a cursed -1 halberd
              (9 damage)
             ... on level 2 of the Dungeon.
             The game lasted 00:05:29 (1879 turns).

piemaster the Chopper (Hill Orc Monk)               Turns: 1879, Time: 00:05:30

Health: -2/41      AC:  6    Str: 14    XL:     4   Next: 71%
Magic:  4/4        EV: 12    Int: 10    God:
Gold:   64         SH:  0    Dex: 13    Spells: 3/3 levels left

rFire    . . .     SeeInvis .   b - -1 rapier (curse)
rCold    + . .     Gourm    .   (no shield)
rNeg     . . .     Faith    .   f - +1 leather armour {rC+}
rPois    .         Spirit   .   k - +1 helmet
rElec    .         Reflect  .   (no cloak)
rCorr    .         Harm     .   (no gloves)
MR       .....                  (no boots)
Stlth    ++........             (no amulet)
HPRegen  0.13/turn              (no ring)
MPRegen  0.09/turn              (no ring)

@: no status effects
A: no striking features
a: no special abilities


You were on level 2 of the Dungeon.
You were not hungry.

You visited 1 branch of the dungeon, and saw 2 of its levels.

You collected 64 gold pieces.

Inventory:

Hand Weapons
 a - a +1 hand axe
 b - a cursed -1 rapier (weapon)
Armour
 f - a +1 leather armour of cold resistance (worn)
 k - a +1 helmet (worn)
 n - a +0 robe
Jewellery
 e - an uncursed amulet of harm
Scrolls
 g - a scroll of teleportation
 h - a scroll of magic mapping
 i - a scroll of immolation {unknown}
 j - a scroll of identify
Potions
 d - a potion of flight {unknown}
 l - a potion of curing {unknown}
 m - a potion of invisibility {unknown}
Comestibles
 c - 2 rations


   Skills:
 + Level 4.4 Fighting
 * Level 5.5 Axes
 + Level 1.6 Armour
 - Level 2.5 Dodging
 - Level 1.8 Stealth


You had 3 spell levels left.
You didn't know any spells.

Dungeon Overview and Level Annotations

Branches:
Dungeon (2/15)

Altars:
Ashenzari
Elyvilon
Makhleb
Okawaru
Trog
Uskayaw
Yredelemnul


Message History

The bat barely misses you. x2; The gnoll barely misses you.
The gnoll hits you but does no damage. The gnoll hits you with a club.
You closely miss the gnoll.
The gnoll is severely wounded.
The bat barely misses you. The gnoll barely misses you.
The gnoll hits you from afar with a halberd!
The gnoll hits you with a club.
* * * LOW HITPOINT WARNING * * *
The gnoll hits you with a spear.
* * * LOW HITPOINT WARNING * * *
You are too injured to fight recklessly!
You are too injured to fight recklessly!
You are too injured to fight recklessly!
You are too injured to fight recklessly!
You are too injured to fight recklessly!
You are too injured to fight recklessly!
You hit the gnoll.
The gnoll is lightly wounded.
The gnoll hits you from afar with a halberd!
You die...

*,*,....#######.....'_'...
*,*,..............#######.
*,*,..$...#.......# ### #.
*,***#............#######.
***+***#....................
*,,,,,,+...............))...
*,,,,,,#........####........
*,,,,,,#........# #........
*,,,,,,#.gg@....# #.8......
*****,,,#..gb....####........
*_* *............##...8.....(
*,* *#....#+#................
***,***#....#.#.........8..._..
*≈,,,≈*.....#.#............###.
*≈,,,≈*........................
*≈,,,≈*...............#####....
*≈,,,≈*,..............## #....


You could see 3 gnolls and a bat.

Vanquished Creatures
  A worker ant (D:2)
  A gnoll (D:2)
  An ooze (D:2)
  2 worms (D:2)
  3 leopard geckos
  5 bats (D:1)
  4 giant cockroaches
  6 goblins (D:1)
  8 hobgoblins
  3 jackals (D:2)
  2 frilled lizards (D:1)
  6 kobolds
  7 rats
49 creatures vanquished.

Notes
Turn   | Place    | Note
-------+----------+-------------------------------------------
     0 | D:1      | piemaster the Hill Orc Monk began the quest for the Orb.
     0 | D:1      | Reached XP level 1. HP: 19/19 MP: 1/1
    95 | D:1      | Reached XP level 2. HP: 25/27 MP: 2/2
   416 | D:1      | Reached XP level 3. HP: 31/33 MP: 3/3
   707 | D:2      | Found a basalt altar of Yredelemnul.
   714 | D:2      | Reached skill level 1 in Armour
   719 | D:2      | Found a hide-covered altar of Uskayaw.
   760 | D:2      | Reached skill level 5 in Axes
   773 | D:2      | Reached XP level 4. HP: 26/40 MP: 4/4
   894 | D:2      | Found a white marble altar of Elyvilon.
  1241 | D:2      | Found an iron altar of Okawaru.
  1729 | D:2      | Found a faded altar of an unknown god.
  1729 | D:2      | Found a burning altar of Makhleb.
  1734 | D:2      | Found a bloodstained altar of Trog.
  1736 | D:2      | Found a shattered altar of Ashenzari.
  1744 | D:2      | Found a faded altar of an unknown god.
  1879 | D:2      | Slain by a gnoll

Skill      XL: |  1  2  3 |
---------------+----------+-----
Fighting       | 4 |  4.4
Armour         | 1 |  1.6
Axes           | 5 |  5.5
Dodging        | |  2.5
Stealth        | |  1.8

Action                   |  1- 3 |  4- 6 || total
-------------------------+-------+-------++-------
Melee: Hand axe          |    77 |       ||    77
       Rapier            |    18 |    70 ||    88
  Use: Scroll            |     4 |     2 ||     6
       Potion            |       |     1 ||     1
 Stab: Sleeping          |     1 |       ||     1
  Eat: Chunk             |       |     3 ||     3
Armor: Robe              |     4 |       ||     4
       Leather armour    |    17 |    18 ||    35
Dodge: Dodged            |    93 |    57 ||   150
